Cogmind - Beta 17.1 @@@ ROGUE MODE // 2026.08.25 @ 16:50:54 Player: lxealomych Result: Destroyed by X-57 Shotgunner with Shotgun Performance ------------- Evolutions (2) 1000 Regions Visited (5) 1000 Robots Destroyed (41) 205 Value Destroyed (1122) 1122 Prototype IDs (1) 20 Alien Tech Used (0) 0 Bonus (300) 300 TOTAL SCORE: 3647 Bonus ------- Aligned with FarCom 300 Cogmind --------- Core Integrity 0/550 Matter 251/300 Energy 100/100 System Corruption 0% Temperature Cool (0) Movement Core (750) Ox14 Location -8/Materials Parts ------- > --- POWER (1) -------- (None) > --- PROPULSION (4) --- (None) > --- UTILITY (4) ------ High-capacity Storage Unit Structural Scanner > --- WEAPON (2) ------- Rocket Launcher > --- INVENTORY (20) --- Flight Unit Improved VTOL Module Improved VTOL Module Improved VTOL Module Improved Heat Sink Small Storage Unit Medium Storage Unit Structural Scanner Visual Processing Unit Sensor Array Improved Signal Interpreter Reaction Control System Hacking Suite Hacking Suite Hacking Suite Firepult Shock Bomb Launcher Scythe Peak State ------------ > --- POWER ------------ Light Nuclear Core > --- PROPULSION ------- Light Treads Light Treads Improved Treads > --- UTILITY ---------- Improved Heat Sink High-capacity Storage Unit Structural Scanner Seismic Detector > --- WEAPON ----------- Beam Rifle Beam Rifle > --- INVENTORY -------- Improved VTOL Module Improved VTOL Module Improved VTOL Module Improved Heat Sink Medium Storage Unit Structural Scanner Visual Processing Unit Sensor Array Improved Signal Interpreter Reaction Control System Hacking Suite Hacking Suite Hacking Suite Firepult Rocket Launcher Scythe [Rating: 23] Favorites ----------- Power Ion Engine Engine Ion Engine Power Core Light Nuclear Core Propulsion Light Treads Treads Light Treads Wheel Wheel Utility Large Storage Unit Device Seismic Detector Storage Large Storage Unit Weapon Beam Rifle Energy Gun Beam Rifle Ballistic Gun Assault Rifle Launcher Rocket Launcher Impact Weapon Hammer Build | -11 -10 -10 -10 -9 -8 ------- Run | Yrd Mat Min Exi Min Mat Slots Evolved 4 | . . . . . 4 Power . | . . . . . . Propulsion 2 | . . . . . 2 Utility 2 | . . . . . 2 Weapon . | . . . . . . Parts Attached 32 | 6 10 1 1 . 14 Power 6 | 1 2 . . . 3 Engine 5 | 1 2 . . . 2 Core 1 | . . . . . 1 Reactor . | . . . . . . Propulsion 10 | 2 2 . . . 6 Treads 6 | 2 . . . . 4 Leg . | . . . . . . Wheel 4 | . 2 . . . 2 Hover . | . . . . . . Flight . | . . . . . . Utility 7 | 1 3 . . . 3 Device 4 | . 2 . . . 2 Storage 3 | 1 1 . . . 1 Processor . | . . . . . . Hackware . | . . . . . . Protection . | . . . . . . Artifact . | . . . . . . Weapon 9 | 2 3 1 1 . 2 Energy Gun 5 | 1 1 1 1 . 1 Energy Cannon . | . . . . . . Ballistic Gun 2 | 1 1 . . . . Ballistic Cannon . | . . . . . . Launcher 1 | . . . . . 1 Special Weapon . | . . . . . . Impact Weapon 1 | . 1 . . . . Slashing Weapon . | . . . . . . Piercing Weapon . | . . . . . . Special Melee Weapon . | . . . . . . Unidentified Prototypes . | . . . . . . Parts Lost 17 | . 3 1 . . 13 Power 2 | . . . . . 2 Propulsion 8 | . 2 . . . 6 Utility 3 | . 1 . . . 2 Weapon 4 | . . 1 . . 3 Highest Loss Streak 8 | . 2 1 . . 8 To Critical Strikes . | . . . . . . Average Backups 13 | 2 12 14 14 14 16 Power 1 | . 2 2 2 2 . Propulsion 2 | 1 1 2 2 2 2 Utility 6 | . 5 7 7 7 9 Weapon 2 | . 2 3 3 3 3 Tool/Special . | . . . . . . Unused Backups 20 | . 1 . . . 19 Power . | . . . . . . Propulsion 4 | . . . . . 4 Utility 12 | . . . . . 12 Weapon 4 | . 1 . . . 3 Tool/Special . | . . . . . . Average Slot Usage (%) 86 | . 84 97 100 100 83 Engine 11 | . 14 14 14 14 3 Core 1 | . . . . . 5 Treads 16 | . 18 . . . 19 Wheel 6 | . 2 28 28 28 6 Device 11 | . 5 14 14 14 22 Storage 12 | . 14 14 14 14 9 Energy Gun 11 | . 6 19 28 28 17 Ballistic Gun 8 | . 14 5 . . . Impact Weapon 4 | . 7 . . . . Peak Build Rating 23 | 6 10 11 12 12 23 Average Rating 10 | 4 7 10 11 12 19 On Entrance 8 | . 6 10 11 12 12 Avg Prop Armor Cover (%) 4 | . . . . . 4 Naked Turns . | . . . . . . Heaviest Build 56 | 13 31 32 32 31 56 Greatest Support 63 | 40 40 20 20 20 63 Greatest Overweight (x) 13 | . 9 1 1 1 13 Average Overweight (x) . | . . 1 1 1 . Largest Inventory Capacity 20 | 8 15 15 15 15 20 Average Capacity 15 | 6 14 15 15 15 19 Most Carried 20 | 4 15 15 15 15 20 Average Carried 14 | 2 12 14 14 15 17 Final Capacity 20 | 8 15 15 15 15 20 Final Carried 19 | 4 15 14 15 15 19 Class Distribution -------------------- 92% | Mutant 7% | Scavenger-Mutant Dominant Class ---------------- Mutant | -10/Materials Mutant | -10/Mines Mutant | -10/Exiles Mutant | -9/Mines Mutant | -8/Materials Resources | -11 -10 -10 -10 -9 -8 ----------- Run | Yrd Mat Min Exi Min Mat Matter Collected 780 | 237 380 33 . . 130 Remotely . | . . . . . . Salvage Created 1352 | . 738 66 . . 548 Parts 82 | . 43 14 . . 25 Haulers Intercepted 1 | . 1 . . . . Recyclers Shooed 2 | . . . . . 2 Parts Field Recycled . | . . . . . . Retrieved Matter . | . . . . . . Parts Self-Destructed . | . . . . . . Prevented . | . . . . . . Parts Restored . | . . . . . . Kills | -11 -10 -10 -10 -9 -8 ------- Run | Yrd Mat Min Exi Min Mat Combat Hostiles Destroyed 32 | . 15 5 . . 12 Guns 28 | . 14 5 . . 9 AOE 1 | . . . . . 1 Classes Destroyed 9 | . 6 . . . 3 Tunneler 1 | . 1 . . . . Hauler 1 | . 1 . . . . Operator 3 | . 3 . . . . Watcher 4 | . 3 . . . 1 Swarmer 11 | . 3 5 . . 3 Grunt 16 | . 12 . . . 4 Sentry 3 | . . . . . 3 Specialist 1 | . . . . . 1 Hunter 1 | . . . . . 1 Best Kill Streak 5 | . 5 3 . . 3 Combat Bots Only 4 | . 4 3 . . 3 Max Kills in Single Turn 1 | . 1 1 . . 1 Gunslinging . | . . . . . . Exploded 1 | . . . . . 1 Melee . | . . . . . . Uniques/NPCs Destroyed . | . . . . . . Combat | -11 -10 -10 -10 -9 -8 -------- Run | Yrd Mat Min Exi Min Mat Hostile Shots Fired 286 | . 79 16 . . 191 Missed 98 | . 17 4 . . 77 Hits 188 | . 62 12 . . 114 Projectile 188 | . 62 12 . . 114 AOE 1 | . 1 . . . . Critical Strikes 3 | . 1 . . . 2 Damage Taken 2539 | . 721 102 . . 1716 Core 713 | . 117 38 . . 558 Absorbed by Shields . | . . . . . . Core Remaining (%) 69 | 100 . . . 38 . Volleys Fired 189 | . 112 8 . . 69 Largest 2 | . 2 2 . . 2 Hottest 112 | . 70 76 . . 112 Shots Fired 293 | . 179 14 . . 100 Gun 289 | . 179 14 . . 96 Cannon . | . . . . . . Launcher 4 | . . . . . 4 Special . | . . . . . . Kinetic 118 | . 112 6 . . . Thermal 155 | . 67 8 . . 80 Explosive 4 | . . . . . 4 Electromagnetic 16 | . . . . . 16 Robot Hit Streak 22 | . 22 3 . . 8 Robot Miss Streak 3 | . 3 3 . . 3 Penetration Max . | . . . . . . Secondary Targets . | . . . . . . Shots Hit Robots 177 | . 107 6 . . 64 Core Hits 70 | . 39 5 . . 26 Critical Kills . | . . . . . . Critical Parts Destroyed . | . . . . . . Critical Strikes 6 | . 3 . . . 3 Burn 6 | . 3 . . . 3 Melee Attacks . | . . . . . . Impact . | . . . . . . Slashing . | . . . . . . Piercing . | . . . . . . Sneak Attacks . | . . . . . . Combat Hostiles . | . . . . . . Follow-up Attacks . | . . . . . . Damage Inflicted 2597 | . 1328 88 . . 1181 Guns 2362 | . 1328 88 . . 946 Cannons . | . . . . . . Explosions 235 | . . . . . 235 Melee . | . . . . . . Ramming . | . . . . . . Kinetic 800 | . 770 30 . . . Thermal 1373 | . 558 58 . . 757 Explosive 235 | . . . . . 235 Electromagnetic 189 | . . . . . 189 Impact . | . . . . . . Slashing . | . . . . . . Piercing . | . . . . . . Highest Corruption . | . . . . . . Average Corruption . | . . . . . . Corruption Purged . | . . . . . . Corruption Blocked . | . . . . . . Overload Shots . | . . . . . . Overflow Damage 4 | . . . . . 4 Projectiles . | . . . . . . Explosions 4 | . . . . . 4 Melee . | . . . . . . Knockbacks . | . . . . . . Impact . | . . . . . . Kinetic . | . . . . . . Secondary . | . . . . . . Self-Inflicted Damage 100 | . . . . . 100 Shots 4 | . . . . . 4 Rammed . | . . . . . . Targets Rammed . | . . . . . . Kicked . | . . . . . . Crushed . | . . . . . . Highest Temperature 470 | . 241 60 . . 470 Average Temperature 72 | . 51 25 . . 137 Received Heat Transfer 741 | . 381 . . . 360 Effects 5 | . . . . . 5 Interference 3 | . . . . . 3 Short Circuit 1 | . . . . . 1 Damage (minor) 1 | . . . . . 1 Siege Activations . | . . . . . . Martial Activations . | . . . . . . Shielding Activations . | . . . . . . Robots Disrupted . | . . . . . . Combat Hostiles . | . . . . . . Robots Corrupted . | . . . . . . Combat Hostiles . | . . . . . . Parts Fried . | . . . . . . Impact Corruptions . | . . . . . . Robots Melted 3 | . 1 . . . 2 Combat Hostiles 3 | . 1 . . . 2 Parts Melted 12 | . 6 . . . 6 Heat Transferred 4070 | . 1813 148 . . 2109 Parts Sabotaged . | . . . . . . Parts Stolen . | . . . . . . Parts Stripped . | . . . . . . Power Chain Reactions . | . . . . . . Alert | -11 -10 -10 -10 -9 -8 ------- Run | Yrd Mat Min Exi Min Mat Maximum Alert Level . | . . . . . . Low Security (%) 100 | 100 100 100 . 100 100 Level 1 . | . . . . . . Level 2 . | . . . . . . Level 3 . | . . . . . . Level 4 . | . . . . . . Level 5 . | . . . . . . High Security . | . . . . . . Max Security . | . . . . . . Peak Influence 101 | . 89 101 . . 76 Initial 21 | . . 21 . . . Average 22 | . 22 85 . . 20 Influence Increases 918 | . 454 110 . . 354 Destroy 0b10 Robot/C 640 | . 300 100 . . 240 Destroy 0b10 Robot/NC 45 | . 40 . . . 5 Destroy Leader 160 | . 78 10 . . 72 Successful Hack 18 | . 6 . . . 12 Disable Machine 15 | . . . . . 15 Destroy Structure 10 | . . . . . 10 Lose Combat Pursuer 30 | . 30 . . . . Influence Decreases 889 | . 398 85 81 . 325 Entered New Map 116 | . . 35 81 . . Time Decay 660 | . 359 40 . . 261 Lost Part 98 | . 24 10 . . 64 Purge Threat 15 | . 15 . . . . Squads Dispatched 5 | . 4 . . . 1 Investigation 2 | . 2 . . . . Extermination . | . . . . . . Reinforcement 3 | . 2 . . . 1 Assault . | . . . . . . Garrison . | . . . . . . Intercept . | . . . . . . Searches Triggered . | . . . . . . Construction Impeded . | . . . . . . Haulers Reinforced . | . . . . . . Active Scanning Responses . | . . . . . . Cargo Convoy Interrupts . | . . . . . . Stealth | -11 -10 -10 -10 -9 -8 --------- Run | Yrd Mat Min Exi Min Mat Distress Signals 4 | . 2 . . . 2 Communications Jammed . | . . . . . . Distress Signals . | . . . . . . Times Spotted 72 | . 46 6 . . 20 Peak Tracking Total 4 | . 4 3 . . 4 Tactical Retreats 2 | . 2 . . . . Traps | -11 -10 -10 -10 -9 -8 ------- Run | Yrd Mat Min Exi Min Mat Traps Triggered 4 | . 3 . . . 1 Indirectly . | . . . . . . Trap Hack Attempts . | . . . . . . Triggered . | . . . . . . Disarmed . | . . . . . . Reprogrammed . | . . . . . . Reused . | . . . . . . Traps Extracted . | . . . . . . Installed . | . . . . . . Triggered . | . . . . . . Machines | -11 -10 -10 -10 -9 -8 ---------- Run | Yrd Mat Min Exi Min Mat Machines Disabled 2 | . 1 . . . 1 Max in Single Turn 1 | . 1 . . . 1 Machines Repaired . | . . . . . . Machines Dismantled . | . . . . . . Machines Sabotaged . | . . . . . . Overloaded Fab Kills . | . . . . . . Hacking | -11 -10 -10 -10 -9 -8 --------- Run | Yrd Mat Min Exi Min Mat Machines Accessed 13 | . 7 . 1 . 5 Terminals 9 | . 6 . . . 3 Fabricators . | . . . . . . Repair Stations . | . . . . . . Recycling Units 2 | . 1 . . . 1 Scanalyzers 1 | . . . . . 1 Garrison Access . | . . . . . . Total Hacks 50 | . 17 . 21 . 12 Successful 29 | . 4 . 21 . 4 Failed 21 | . 13 . . . 8 Catastrophic 4 | . 3 . . . 1 Database Lockouts . | . . . . . . Manual 25 | . 16 . 1 . 8 Terminals 24 | . 16 . . . 8 Fabricators . | . . . . . . Repair Stations . | . . . . . . Recycling Units 4 | . 1 . . . 3 Scanalyzers 1 | . . . . . 1 Garrison Access . | . . . . . . Terminal Hacks 26 | . 3 . 21 . 2 Record 21 | . . . 21 . . Robot Analysis 3 | . 1 . . . 2 Unreport Threat 1 | . 1 . . . . Recall Investigation 1 | . 1 . . . . Fabricator Hacks . | . . . . . . Repair Station Hacks . | . . . . . . Recycling Unit Hacks 2 | . 1 . . . 1 Retrieve Components 2 | . 1 . . . 1 Scanalyzer 1 | . . . . . 1 Insert Component 1 | . . . . . 1 Garrison Access Hacks . | . . . . . . Unauthorized Hacks . | . . . . . . Terminals . | . . . . . . Fabricators . | . . . . . . Repair Stations . | . . . . . . Recycling Units . | . . . . . . Scanalyzers . | . . . . . . Garrison Access . | . . . . . . Data Cores Recovered . | . . . . . . Used . | . . . . . . Hacking Detections 11 | . 7 . . . 4 Full Trace Events 2 | . 2 . . . . Feedback Events . | . . . . . . Feedback Blocked . | . . . . . . Robot Schematics Acquired . | . . . . . . Robots Built . | . . . . . . Authchips . | . . . . . . Time . | . . . . . . Total Robot Build Rating . | . . . . . . Part Schematics Acquired . | . . . . . . Parts Built . | . . . . . . Authchips . | . . . . . . Time . | . . . . . . Total Part Build Rating . | . . . . . . Part Studies Acquired . | . . . . . . Parts Repaired . | . . . . . . Time . | . . . . . . Parts Recycled . | . . . . . . Recycled Matter . | . . . . . . Retrieved Matter . | . . . . . . Retrieved Components 10 | . 10 . . . . Parts Scanalyzed . | . . . . . . Part Schematics Acquired . | . . . . . . Parts Damaged . | . . . . . . Bothacking | -11 -10 -10 -10 -9 -8 ------------ Run | Yrd Mat Min Exi Min Mat Used RIF Installer . | . . . . . . Robots Hacked . | . . . . . . Non-combat . | . . . . . . Combat . | . . . . . . Robot Hacks Applied . | . . . . . . Relay Couplers Released . | . . . . . . Fabnet Peak Effective % . | . . . . . . Robots Rewired . | . . . . . . Allies Hacked . | . . . . . . Hacks Repelled . | . . . . . . Allies | -11 -10 -10 -10 -9 -8 -------- Run | Yrd Mat Min Exi Min Mat Total Allies . | . . . . . . Largest Group . | . . . . . . Highest-Rated Group . | . . . . . . Highest-Rated Ally . | . . . . . . Total Orders . | . . . . . . Ally Attacks . | . . . . . . Total Damage . | . . . . . . Kills . | . . . . . . Allies Corrupted . | . . . . . . Allies Melted . | . . . . . . Intel | -11 -10 -10 -10 -9 -8 ------- Run | Yrd Mat Min Exi Min Mat Active Infowar (turns) 2410 | . 978 89 367 19 957 Structural 831 | . . . . . 831 Seismic 1758 | . 978 89 367 19 305 Robot Analysis Total 3 | . 1 . . . 2 Derelict Logs Recovered . | . . . . . . Drone Launches . | . . . . . . Drone Recoveries . | . . . . . . Exploration | -11 -10 -10 -10 -9 -8 ------------- Run | Yrd Mat Min Exi Min Mat Turns Passed 3846 | 66 2348 89 367 19 957 Spaces Moved 2071 | 38 1122 66 384 20 441 Core 9 | 6 1 . . . 2 Treads 1275 | 32 897 . . . 346 Legs . | . . . . . . Wheels 787 | . 224 66 384 20 93 Hover . | . . . . . . Flight . | . . . . . . Fastest Speed 50 | 50 95 95 95 95 80 Average Speed 156 | 142 177 95 95 95 168 Slowest Speed 700 | 160 500 95 95 95 700 Overloaded Moves . | . . . . . . Propulsion Burnouts . | . . . . . . Robots Hopped . | . . . . . . Potential Cave-ins . | . . . . . . Cave-ins Triggered . | . . . . . . Exploration Rate (%) 41 | 3 91 20 88 7 39 Regions Visited 5 Branch Regions 3 Pre-discovered Areas 1 | . . . 1 . . Known Exits Taken . | . . . . . . Unknown Exits Taken 5 | 1 1 1 1 1 . Scrap Searched 1 | . . 1 . . . Spaces Dug . | . . . . . . Terrain Destroyed 9 | . . . . . 9 Melee . | . . . . . . Projectile . | . . . . . . AOE 9 | . . . . . 9 Terrain Rammed . | . . . . . . Walls Destroyed . | . . . . . . Machines Disabled . | . . . . . . Actions | -11 -10 -10 -10 -9 -8 --------- Run | Yrd Mat Min Exi Min Mat Total 2388 | 47 1301 78 386 19 557 Wait 49 | . 35 4 . . 10 Move 2066 | 37 1121 65 383 19 441 Hop . | . . . . . . Pick Up 34 | 4 16 . 1 . 13 Fast Attach 13 | 6 2 . . . 5 Attach 10 | . 3 1 . . 6 Detach . | . . . . . . Swap 12 | . 6 . 1 . 5 Drop 15 | . 6 . 1 . 8 Fire 189 | . 112 8 . . 69 Melee . | . . . . . . Ram . | . . . . . . Kick . | . . . . . . Crush . | . . . . . . Escape Stasis . | . . . . . . Rewire . | . . . . . . Trap . | . . . . . . Miscellaneous . | . . . . . . Route ------- -11/Scrapyard -10/Materials (discovered 6 exits: [*Mat x3] / [*Min x2] / [*Sub]) -10/Mines (discovered 2 exits: [*Mat] / *Exi) -10/Exiles -9/Mines -8/Materials (discovered 2 exits: [*Fac] / [*Sto]) History --------- Turn | Location | Event 31 | -11/Scrapyard | Discovered new exit (range 16) 67 | -11/Scrapyard | Entered Materials 313 | -10/Materials | Build established: Mutant 537 | -10/Materials | Discovered new exit (range 9) 816 | -10/Materials | Discovered new exit (range 16) 1002 | -10/Materials | Discovered new exit (range 13) 1295 | -10/Materials | Discovered new exit (range 11) 2310 | -10/Materials | Discovered new exit (range 12) 2359 | -10/Materials | Discovered new exit (range 11) 2415 | -10/Materials | Entered Mines 2419 | -10/Mines | Core integrity fell below 50% 2469 | -10/Mines | Discovered new exit (range 5) 2500 | -10/Mines | Deemed a non-threat by the Exiles lab entrance 2500 | -10/Mines | Discovered new exit (range 5) 2504 | -10/Mines | Entered Exiles 2527 | -10/Exiles | Met 8R-AWN 2543 | -10/Exiles | Met EX-HEX 2573 | -10/Exiles | Met EX-BIN 2586 | -10/Exiles | Aligned with FarCom system 2587 | -10/Exiles | Given EX-Vault access code 2611 | -10/Exiles | Opened EX-Vault 2619 | -10/Exiles | Found Prototype Energy Cannon 2640 | -10/Exiles | Warned to stay clear of 0b10 Research branches 2666 | -10/Exiles | Met EX-DEC 2688 | -10/Exiles | Learned location of Zion (-6) 2728 | -10/Exiles | Visited The Gauntlet 2864 | -10/Exiles | Discovered new exit (range 10) 2871 | -10/Exiles | Left Exiles lab with Firepult 2871 | -10/Exiles | Entered Mines 2875 | -9/Mines | Discovered new exit (range 16) 2890 | -9/Mines | Entered Materials 2890 | -8/Materials | Evolved 4 slots: Propulsion x2, Utility x2 3096 | -8/Materials | Discovered new exit (range 15) 3130 | -8/Materials | Discovered new exit (range 4) 3825 | -8/Materials | Core integrity fell below 50% 3836 | -8/Materials | Core integrity fell below 20% 3847 | -8/Materials | Destroyed by X-57 Shotgunner with Shotgun Last Messages --------------- Ready to analyze. 03583_ ALERT: Suspicious intruders detected, dispatching Specialist reinforcements to area. 03743_ Acquired Lgt. Treads. 03745_ K-01 Serf collects debris. 03769_ Connecting with Terminal... 03775_ Y-45 Defender suffers critical hit (Burn). 03782_ Y-45 Defender critical meltdown. 03792_ K-01 Serf cleans the Terminal. 03799_ Lgt. Treads destroyed. 03802_ Lgt. Nuclear Core destroyed. 03803_ Beam Rifle destroyed. 03814_ Imp. Treads destroyed. 03820_ Beam Rifle destroyed. 03821_ Lgt. Treads destroyed. 03823_ Imp. Heat Sink destroyed. 03839_ X-57 Shotgunner destroyed. 03839_ Seismic Detector destroyed. 03839_ Destroyed Seismic Detector. 03842_ U-05 Engineer lays Concrete. Map ----- +----------------------------------------------------+ | ## !/ #### =] * /##???????? ??????? | | ## ! #### ] ##?????? ????? | | ## #### ##???? ??? | | ## #### "T ##???# """ """ """ #?? | | #####+###### "" !##??# """ """ """ #?? | | ## "T" ################ """ """ """ #?? | | ## ! ##############################?? | | ## # ####### ???????? | | ## # ???????? | | ## + ^ < ???????? | | ## """ # ^ ##???????????? | | ## """ # ###+### ##???????????? | | ## """ ## ### ## ? ###???????????? | | ## ## ### ## ##????????????? | | ############ ### ## ##????????????? | | ############ ### ## o ##????????????? | | ??????????## ### ## ##????????????? | | ??????###### ### ##u ##????????????? | | ??????###### ######### ##????????????? | | ??????## ##????????????? | | ??????## < ##????????????? | | ?####### % T ##????????????? | | ?########### ##????????????? | | ?## # " " % ##????????????? | | ?## # "" = ##????????????? | | ?## # " @ ##????????????? | | ?## # x ##????????????? | | ?## + [ ##????????????? | | ?## %# # " " ##????????????? | | ?## ## ### "Y" ##????????????? | | ### ##u### """ # ##????????????? | | ### ## ### # ## ???????? ### | | #########+### ### ## ## ###? ### | | # # ### ##### ### ###+### ## | | # # ! ## | | # + T %= ## | | #! # ! ## | | # # ######## ####### ## | | # # # #####+################ | | # %+ + ???? ?????####### | | #" """%###/#### ?? # ##?????????? | | #"T """=#= [## ?? # ##?????????? | | #"" """ # ##??? # ############ | | # %# """ ##??? # """ """ ############ | | #######+# """ ##??? # """ """ #### | | #######%# """ ##??? # """ """ #### """ """ | | ?????## # ##??? # #### """ """ | | ?????## # ###?##########?##### """ """ | | ?????## ####################?##### | | ?????## ### ##### ########## "" | +----------------------------------------------------+ Best States ------------- Heat Dissipation 45 Energy Generation 14 Energy Capacity 265 Matter Stores 300 Matter Capacity 300 Sight Range 16 Terrain Scan Density 10 Evasion (%) 44 Recoil Reduction 3 Item Schematics ----------------- None Robot Schematics ------------------ None Fabricated ------------ Nothing Repaired ---------- Nothing Studied --------- None Alien Tech Used ----------------- None Achievements -------------- Deductive Reasoning Challenges ------------ None Game ------ Seed BattleRagnarokArticulator Manual? 0 Play Time 00:26:28 Cumulative 37.5 hours Start 2026.08.25 @ 16:20:39 End 2026.08.25 @ 16:50:54 Sessions 3 Manual Loads 0 Difficulty Rogue Special Mode None Game No. 40 Rogue 37 Adventurer 3 Explorer 0 Win Type - Total 0 Types 0/0/0/0/0/0/0/0/0/0 Lore% 18 Gallery% 29 Achievement% 24 Wizard Run 0 Options --------- Layout 0 ASCII 0 Keyboard 0 Movement Numpad Keybinds 0 Fullscreen 1 Font 18/SmallcapsGlow Map View 76x50 Zoom Use 0% Tactical HUD 1 Map Filters NONE Filters NONE Steam 1 RUN: 8e6735ff-df04-45a3-916c-99eeed57ca53